 Dungeon Crawl Stone Soup version 0.21.1-68-g103a7afc0a (webtiles) character file.

22551 SacredBeard the Fighter (level 12, -9/100 HPs)
             Began as a Demonspawn Berserker on Aug 3, 2018.
             Was the Champion of Trog.
             Mangled by a mana viper (12 damage)
             ... on level 1 of the Snake Pit.
             The game lasted 01:10:10 (14449 turns).

SacredBeard the Fighter (Demonspawn Berserker)     Turns: 14449, Time: 01:10:11

Health: -9/100     AC: 19    Str: 23    XL:     12   Next: 64%
Magic:  0/12       EV: 13    Int:  8    God:    Trog [******]
Gold:   690        SH:  0    Dex: 13    Spells: 11/11 levels left

rFire    . . .     SeeInvis .   o - +2 dagger (drain)
rCold    . . .     Gourm    .   (no shield)
rNeg     + . .     Faith    .   F - +0 plate armour
rPois    .         Spirit   .   k - +0 helmet
rElec    .         Reflect  .   I - +0 cloak
rCorr    .         Harm     .   (no gloves)
MR       .....                  (boots unavailable)
Stlth    ..........             (no amulet)
HPRegen  0.26/turn              l - +2 ring of evasion
MPRegen  0.13/turn              x - ring of positive energy

@: no status effects
A: talons 3, slimy green scales 1, powered by death 2, powered by pain 2
a: Berserk, Trog's Hand, Brothers in Arms, Burn Spellbooks, Renounce Religion


You were on level 1 of the Snake Pit.
You worshipped Trog.
Trog was exalted by your worship.
You were near starving.

You visited 4 branches of the dungeon, and saw 14 of its levels.

You collected 780 gold pieces.
You spent 90 gold pieces at shops.

Inventory:

Hand Weapons
 o - a +2 dagger of draining (weapon)
Armour
 b - a +0 leather armour of poison resistance
 k - a +0 helmet (worn)
 F - a +0 plate armour (worn)
 I - a +0 cloak (worn)
Jewellery
 l - a +2 ring of evasion (left hand)
 x - a ring of positive energy (right hand)
Wands
 j - a wand of iceblast (31)
 s - a wand of paralysis (25)
 A - a wand of random effects (50)
Scrolls
 d - 4 scrolls of remove curse
 e - 6 scrolls of magic mapping {unknown}
 g - a scroll of summoning {unknown}
 i - a scroll of fear {unknown}
 n - a scroll of enchant weapon {unknown}
 p - 10 scrolls of identify
 t - 6 scrolls of teleportation {unknown}
 w - a scroll of fog {unknown}
 y - a scroll of immolation {unknown}
 C - a scroll of enchant armour {unknown}
 H - a scroll of vulnerability {unknown}
Potions
 a - 3 potions of might {unknown}
 f - 2 potions of curing
 h - 2 potions of heal wounds {unknown}
 m - 2 potions of lignification {unknown}
 q - a potion of degeneration {unknown}
 r - 2 potions of brilliance {unknown}
 u - a potion of haste {unknown}
 v - a potion of flight {unknown}
 z - a potion of agility {unknown}
 B - a potion of mutation {unknown}
 D - a potion of magic {unknown}
 E - a potion of cancellation {unknown}
 G - a potion of ambrosia {unknown}
Comestibles
 c - 16 rations


   Skills:
 * Level 11.2 Fighting
 + Level 10.1 Short Blades
 + Level 10.8 Armour
 * Level 9.0 Dodging
 - Level 2.1 Stealth


You had 11 spell levels left.
You didn't know any spells.

Dungeon Overview and Level Annotations

Branches:
Dungeon (9/15)             Temple (1/1) D:7            Lair (3/6) D:8
  Snake (1/4) Lair:3
  Swamp: Lair:2-4    Shoals: Lair:2-4       Orc: D:9-12

Altars:
Ashenzari
Cheibriados
Dithmenos
Elyvilon
Fedhas
Hepliaklqana
Kikubaaqudgha
Makhleb
Nemelex Xobeh
Okawaru
Qazlal
Ru
Sif Muna
Trog
Uskayaw
Vehumet
Wu Jian
Xom
Yredelemnul
Zin
The Shining One
Beogh

Annotations:
D:8 Gastronok


Innate Abilities, Weirdness & Mutations

You have claws for feet.
You are partially covered in slimy green scales. (AC +2)
You regenerate health from kills.
You sometimes gain power by taking damage.


Message History

The shock serpent bites you but does no damage.
The mana viper bites you!
* * * LOW HITPOINT WARNING * * *
You climb downwards.
Welcome back to the Snake Pit!
This branch contains the serpentine rune of Zot.
There is a staircase back to the Lair, spattered with blood here.
You feel better. The black mamba misses you.
The shock serpent closely misses you.
The mana viper bites you but does no damage.
The black mamba bites you but does no damage.
You can't go down here!
Unknown command.
Unknown command.
The shock serpent bites you.
* * * LOW HITPOINT WARNING * * *
The shock serpent shocks you.
* * * LOW HITPOINT WARNING * * *
The black mamba bites you but does no damage.
The mana viper bites you!
You die...

##.... ...
#..... # ...#
.....##.#...#
##...#......##
##......#.....#
#.......#.....##
#.......)#.....(
#..##..S......
#..#..@S......
#...#S##.#+##.
##.#.### ..
#..)..# ..#
#.....# .#
#.....# #
##..8..# #..!..#
##.....


You could see a shock serpent, a mana viper and a black mamba.

Vanquished Creatures
  3 hydras
  Erica (D:8)
  The ghost of Pisosu the Quickloader, a journeyman KoHu of Dithmenos (Lair:2)
  A two-headed ogre (D:8)
  A cyclops (D:9)
  5 elephants (Lair:2)
  Maurice (D:8)
  Joseph (D:7)
  A black mamba (Lair:2)
  9 spiny frogs
  A naga mage (Snake:1)
  2 komodo dragons
  A polar bear (Lair:3)
  Prince Ribbit (D:8)
  3 hippogriffs
  3 basilisks
  13 yaks
  A steam dragon (Lair:3)
  Menkaure (D:7)
  3 nagas (Lair:3)
  Edmund (D:4)
  9 porcupines
  3 water moccasins
  4 sky beasts
  4 orc warriors
  The ghost of Eurus the Ruffian, an amateur DrTm (D:3)
  4 black bears
  5 ogres
  2 centaurs
  24 wolves
  7 crocodiles
  A big kobold (D:9)
  Blork the orc (D:5)
  6 bullfrogs
  5 scorpions
  7 killer bees
  2 electric eels (Lair:3)
  A howler monkey (D:6)
  3 crimson imps
  A bullfrog zombie (D:5)
  A jelly (D:8)
  4 orc priests
  2 bullfrog skeletons
  A centaur skeleton (D:5)
  9 orc wizards
  Crazy Yiuf (D:2)
  6 hounds
  2 gnoll shamans (D:4)
  Jessica (D:2)
  Natasha (D:2)
  6 iguanas
  7 worker ants
  A hound zombie (D:2)
  A howler monkey zombie (D:7)
  8 gnolls
  13 adders
  A shadow imp (D:6)
  2 oozes
  An adder skeleton (D:6)
  4 worms
  6 leopard geckos
  44 orcs
  7 bats
  5 giant cockroaches
  8 goblins
  4 hobgoblins
  19 jackals
  12 kobolds
  3 quokkas
  A ball python (D:3)
  5 frilled lizards
  A jackal skeleton (D:5)
  A leopard gecko skeleton (D:9)
  A leopard gecko zombie (D:5)
  9 rats
  A plant (D:8)
343 creatures vanquished.

Vanquished Creatures (others)
  47 fungi
  18 plants
65 creatures vanquished.

Grand Total: 408 creatures vanquished

Notes
Turn   | Place    | Note
-------+----------+-------------------------------------------
     0 | D:1      | SacredBeard the Demonspawn Berserker began the quest for the Orb.
     0 | D:1      | Reached XP level 1. HP: 18/18 MP: 1/1
   117 | D:1      | Gained mutation: You are partially covered in slimy green scales. (AC +2) [demonic ancestry]
   117 | D:1      | Reached XP level 2. HP: 18/24 MP: 2/2
   988 | D:2      | Gained mutation: You have sharp toenails. [demonic ancestry]
   988 | D:2      | Reached XP level 3. HP: 18/29 MP: 3/3
  1185 | D:2      | Found a basalt altar of Yredelemnul.
  1338 | D:2      | Noticed Natasha
  1342 | D:2      | Noticed Jessica
  1361 | D:2      | Killed Jessica
  1361 | D:2      | Gained mutation: You have razor-sharp toenails. [demonic ancestry]
  1361 | D:2      | Reached XP level 4. HP: 37/37 MP: 4/4
  1362 | D:2      | Killed Natasha
  1555 | D:2      | Reached ** piety under Trog
  1736 | D:2      | Found a runed door.
  1740 | D:2      | Noticed Crazy Yiuf
  1750 | D:2      | Killed Crazy Yiuf
  1750 | D:2      | Gained mutation: You have claws for feet. [demonic ancestry]
  1750 | D:2      | Reached XP level 5. HP: 42/42 MP: 5/5
  2122 | D:2      | Found a hazy altar of Hepliaklqana.
  2422 | D:3      | Noticed Eurus's ghost (amateur DrTm)
  2749 | D:3      | Reached skill level 4 in Fighting
  2807 | D:3      | Gained mutation: You regenerate a little health from kills. [demonic ancestry]
  2807 | D:3      | Reached XP level 6. HP: 38/48 MP: 6/6
  2954 | D:3      | Reached *** piety under Trog
  2975 | D:3      | Found a shattered altar of Ashenzari.
  3069 | D:3      | Killed Eurus's ghost
  3216 | D:4      | Found an iron altar of Okawaru.
  3339 | D:4      | Reached XP level 7. HP: 55/55 MP: 7/7
  3525 | D:4      | Reached skill level 5 in Fighting
  3601 | D:4      | Reached skill level 5 in Short Blades
  3630 | D:4      | Noticed a yak
  3651 | D:4      | Killed a yak
  3665 | D:4      | Reached skill level 1 in Stealth
  3775 | D:4      | Noticed Edmund
  3803 | D:4      | Killed Edmund
  3803 | D:4      | Gained mutation: You sometimes gain a little power by taking damage. [demonic ancestry]
  3803 | D:4      | Reached XP level 8. HP: 63/63 MP: 8/8
  3861 | D:4      | Found a sparkling altar of Nemelex Xobeh.
  4315 | D:4      | Got a heavily runed leather armour
  4326 | D:4      | Identified the +2 leather armour of Pujik {rElec} (You found it on level 4 of the Dungeon)
  4423 | D:5      | Entered Level 5 of the Dungeon
  4487 | D:5      | Reached **** piety under Trog
  4767 | D:5      | Reached skill level 6 in Fighting
  4814 | D:5      | Noticed Blork the orc
  4828 | D:5      | Killed Blork the orc
  5720 | D:6      | Reached skill level 5 in Dodging
  5775 | D:6      | Reached skill level 5 in Armour
  6022 | D:6      | Reached XP level 9. HP: 69/71 MP: 9/9
  6554 | D:7      | Got a spiked leather armour
  6565 | D:7      | Identified the +2 leather armour "Qalut" {rN++ Dex+2 SInv} (You found it on level 7 of the Dungeon)
  6620 | D:7      | Found Zin's Purification Station.
  6620 | D:7      | Found a glowing silver altar of Zin.
  6660 | D:7      | Bought a potion of curing for 90 gold pieces
  6673 | D:7      | Found a staircase to the Ecumenical Temple.
  6675 | D:7      | Noticed Joseph
  6685 | D:7      | Killed Joseph
  6691 | Temple   | Entered the Ecumenical Temple
  6863 | D:7      | Reached skill level 7 in Fighting
  7044 | D:7      | Noticed Menkaure
  7050 | D:7      | Killed Menkaure
  7277 | D:8      | Noticed Gastronok
  7369 | D:8      | Noticed a two-headed ogre
  7374 | D:8      | Killed a two-headed ogre
  7374 | D:8      | Reached XP level 10. HP: 79/79 MP: 10/10
  7463 | D:8      | Found a shadowy altar of Dithmenos.
  7623 | D:8      | Found a staircase to the Lair.
  7625 | D:8      | Noticed Maurice
  7634 | D:8      | Reached ***** piety under Trog
  7668 | D:8      | Paralysed by something for 2 turns
  7696 | D:8      | Paralysed by something for 2 turns
  7699 | D:8      | Killed Maurice
  7720 | D:8      | Reached skill level 8 in Fighting
  7941 | D:8      | Found a roughly hewn altar of Beogh.
  8016 | D:8      | Noticed Erica
  8028 | D:8      | Killed Erica
  8085 | D:8      | Received a gift from Trog
  8125 | D:8      | You fall through a shaft!
  8207 | D:9      | Noticed a cyclops
  8244 | D:9      | Killed a cyclops
  8684 | D:8      | Noticed Prince Ribbit
  8696 | D:8      | Killed Prince Ribbit
  8696 | D:8      | Gained mutation: You sometimes gain power by taking damage. [demonic ancestry]
  8696 | D:8      | Reached XP level 11. HP: 77/87 MP: 11/11
  9016 | Lair:1   | Entered Level 1 of the Lair of Beasts
  9026 | Lair:1   | Noticed a seven-headed hydra
  9042 | Lair:1   | Killed a seven-headed hydra
  9042 | Lair:1   | Reached skill level 9 in Fighting
 10210 | Lair:1   | Found a bloodstained altar of Trog.
 10811 | Lair:2   | Noticed a seven-headed hydra
 10817 | Lair:2   | Noticed Pisosu's ghost (journeyman KoHu)
 10826 | Lair:2   | Killed a seven-headed hydra
 10826 | Lair:2   | Reached skill level 10 in Fighting
 10846 | Lair:2   | Killed Pisosu's ghost
 11404 | Lair:2   | Gained mutation: You regenerate health from kills. [demonic ancestry]
 11404 | Lair:2   | Reached XP level 12. HP: 62/97 MP: 12/12
 11633 | Lair:2   | Reached skill level 10 in Armour
 12846 | Lair:3   | Noticed an eight-headed hydra
 12855 | Lair:3   | Killed an eight-headed hydra
 12855 | Lair:3   | Reached skill level 11 in Fighting
 12855 | Lair:3   | Reached skill level 10 in Short Blades
 13309 | Lair:3   | Received a gift from Trog
 13326 | Lair:3   | Found a staircase to the Snake Pit.
 13335 | Lair:3   | Reached ****** piety under Trog
 14143 | Snake:1  | Entered Level 1 of the Snake Pit
 14446 | Lair:3   | HP: 4/100 [mana viper (11)]
 14449 | Snake:1  | Mangled by a mana viper

Skill      XL: |  1  2  3  4  5  6  7  8  9 10 11 12 |
---------------+-------------------------------------+-----
Armour         | 2 3 5 6 8 9 10 | 10.8
Dodging        | 2 3 4 5 6 7 8 9 |  9.0
Short Blades   | 3 4 5 6 7 8 9 10 | 10.1
Fighting       | 4 5 6 7 8 10 11 | 11.2
Stealth        | 1 2 |  2.1

Action                   |  1- 3 |  4- 6 |  7- 9 | 10-12 || total
-------------------------+-------+-------+-------+-------++-------
Melee: Short sword       |   107 |   106 |       |       ||   213
       Kick              |    13 |    44 |   121 |   379 ||   557
       Dagger            |       |    38 |   348 |  1041 ||  1427
Invok: Berserk           |     2 |     3 |     9 |     9 ||    23
       Burn Spellbooks   |       |     1 |       |       ||     1
  Use: Scroll            |       |     3 |       |     1 ||     4
       Potion            |       |       |       |     3 ||     3
  Eat: Chunk             |     2 |    10 |    21 |    30 ||    63
Armor: Animal skin       |    12 |       |       |       ||    12
       Leather armour    |    26 |    23 |       |       ||    49
       Ring mail         |       |     6 |    21 |       ||    27
       Chain mail        |       |       |    83 |    23 ||   106
       Plate armour      |       |       |       |   474 ||   474
Dodge: Dodged            |    86 |    87 |   135 |   534 ||   842
